 Dungeon Crawl Stone Soup version 0.24-a0-235-g3f03afcf10 (webtiles) character file.

Game seed: 12756962635983305665

156 Redear the Shield-Bearer (level 5, 0/37 HPs)
             Began as an Octopode Fighter on Apr 8, 2019.
             Killed from afar by an orc wizard (10 damage)
             ... with a puff of flame
             ... on level 4 of the Dungeon.
             The game lasted 00:04:28 (1700 turns).

Redear the Shield-Bearer (Octopode Fighter)         Turns: 1700, Time: 00:04:29

Health: 0/37       AC:  1    Str: 16    XL:     5   Next: 37%
Magic:  5/5        EV: 14    Int: 10    God:
Gold:   70         SH:  0    Dex: 12    Spells: 4/4 levels left

rFire    . . .     SeeInvis .   a - +0 long sword
rCold    . . .     Gourm    .   (no shield)
rNeg     . . .     Faith    .   (helmet restricted)
rPois    .         Spirit   .   (no amulet)
rElec    .         Reflect  .   (no ring)
rCorr    .         Harm     .   (no ring)
MR       .....                  (no ring)
Stlth    +++.......             (no ring)
HPRegen  0.12/turn              (no ring)
MPRegen  0.09/turn              (no ring)
                                (no ring)
                                (no ring)

@: no status effects
A: almost no armour, stealthy swim, amphibious, 8 rings, constrict 8, camouflage
1, gelatinous body 1
a: no special abilities


You were on level 4 of the Dungeon.
You were hungry.

You visited 1 branch of the dungeon, and saw 4 of its levels.

You collected 70 gold pieces.

Inventory:

Hand Weapons
 a - a +0 long sword (weapon)
 l - a +0 dagger
Missiles
 i - 47 arrows
 n - 8 stones (quivered)
Armour
 b - a +0 shield
Jewellery
 j - an uncursed ring of ice {rC+ rF-}
 p - an uncursed ring of ice {rC+ rF-}
Scrolls
 e - 3 scrolls of identify {unknown}
 f - a scroll of enchant weapon {unknown}
 h - a scroll of blinking {unknown}
 k - a scroll of enchant armour {unknown}
Potions
 c - a potion of might {Str+5 DMG+1d10 | @q3}
 d - 4 potions of heal wounds {unknown}
 g - a potion of curing {unknown}
 o - a potion of lignification {unknown}
Comestibles
 z - 3 rations


   Skills:
 + Level 3.7 Fighting
 + Level 2.9 Long Blades
 + Level 3.7 Dodging
 + Level 3.0 Stealth
 + Level 3.7 Shields


You had 4 spell levels left.
You didn't know any spells.
Your spell library was empty.

Dungeon Overview and Level Annotations

Branches:
Dungeon (4/15)
 Temple: D:4-7

Altars:
Cheibriados


Innate Abilities, Weirdness & Mutations

You cannot wear most types of armour.
You are very stealthy in the water. (Stealth+)
You are amphibious.
You can wear up to eight rings at the same time.
You can use your tentacles to constrict eight enemies at once.
Your skin changes colour to match your surroundings (Stealth+).
Your rubbery body absorbs attacks. (AC +1, EV +1)


Message History

e - 3 scrolls labeled PUIRIAZIMPE (gained 1)
You feel sick.
d - 4 fuming cyan potions (gained 1)
You feel sick.
You take 1 damage, and have 10/37 hp.
Found 29 stones and 16 gold pieces.
You now have 70 gold pieces (gained 3).
You feel sick.
You are no longer poisoned.
Wield which item (- for none, * to show all)? (? for menu, Esc to quit)
Okay, then.
Found a crooked copper wand.
An orc wizard comes into view. It is wielding a +0 dagger.
The orc wizard shouts!
The orc wizard casts a spell.
The orc wizard flickers and vanishes!
Deactivating autopickup; reactivate with Ctrl-A.
An orc comes into view.
A puff of flame appears from out of thin air!
The puff of flame hits you!
You die...

......../. #........ .
#....#.###.#
#.........$# ...
#####.........(. ...
................
.....######...........
.....................#
.....#####.@.........#
#....<............#
#.....#...........#
#.#...............#
#...#....##########
#####....# ......#
###.#### #.#


There were no monsters in sight!

Vanquished Creatures
  A hound (D:3)
  A worker ant (D:4)
  A hound skeleton (D:4)
  3 adders
  An ooze (D:2)
  A worm (D:3)
  3 dart slugs (D:1)
  An orc (D:3)
  5 giant cockroaches
  5 hobgoblins
  4 jackals (D:3)
  2 ball pythons
  4 bats
  2 frilled lizards
  6 goblins
  6 kobolds
  9 rats
55 creatures vanquished.

Notes
Turn   | Place    | Note
-------+----------+-------------------------------------------
     0 | D:1      | Redear the Octopode Fighter began the quest for the Orb.
     0 | D:1      | Reached XP level 1. HP: 16/16 MP: 1/1
   147 | D:1      | Reached XP level 2. HP: 21/21 MP: 2/2
   148 | D:1      | Reached skill level 1 in Stealth
   309 | D:1      | Found a snail-covered altar of Cheibriados.
   480 | D:1      | Reached XP level 3. HP: 26/26 MP: 3/3
   884 | D:2      | Reached skill level 2 in Stealth
   923 | D:3      | Reached XP level 4. HP: 15/31 MP: 4/4
  1369 | D:3      | Reached XP level 5. HP: 27/36 MP: 5/5
  1675 | D:4      | Reached skill level 3 in Stealth
  1700 | D:4      | Killed from afar by an orc wizard

Levels and vault maps discovered:
D:1:      onia_arrival_mini_spirals, layout_loops_ring, minmay_misc_feat_tiny,
          minmay_misc_feat_five, minmay_misc_feat_hallway, cheibriados_altar_1
D:2:      lemuel_upstairs_altar, layout_rooms, minivault_25
D:3:      layout_loops_ring, first_ration, hangedman_feature_mirror
D:4:      layout_basic, gup_sewer_entry_bubbles, minmay_manual_mess

Skill      XL: |  1  2  3  4  5 |
---------------+----------------+-----
Stealth        | 1 2 3 |  3.0
Fighting       | |  3.7
Long Blades    | |  2.9
Dodging        | |  3.7
Shields        | |  3.7

Action                   |  1- 3 |  4- 6 || total
-------------------------+-------+-------++-------
Melee: Long sword        |    42 |    41 ||    83
       Constrict         |    15 |    15 ||    30
       Tentacles         |     3 |    10 ||    13
       Dagger            |       |    13 ||    13
 Stab: Sleeping          |     6 |     1 ||     7
  Eat: Chunk             |       |     2 ||     2
Armor: Skin              |     1 |     2 ||     3
Dodge: Dodged            |    22 |    36 ||    58
       Rpst.: Long sword |     5 |     5 ||    10

Table legend:
 A = Non-vault XP
 B = Vault XP
 C = Vault XP percentage of total XP
 D = Non-vault monster count
 E = Vault monster count
 F = Vault count percentage of total count
                 A         B        C        D         E       F
            +---------+---------+-------+---------+---------+-------
      Total |     223 |       0 |   0.0 |      55 |       0 |   0.0
            +---------+---------+-------+---------+---------+-------
        D:1 |      34 |       0 |   0.0 |      18 |       0 |   0.0
        D:2 |      47 |       0 |   0.0 |      13 |       0 |   0.0
        D:3 |      90 |       0 |   0.0 |      22 |       0 |   0.0
        D:4 |      52 |       0 |   0.0 |       2 |       0 |   0.0
            +---------+---------+-------+---------+---------+-------
